 Dungeon Crawl Stone Soup version 0.30.0-29-ga12c61a403 (webtiles) character file.

Game seed: 9744467526254330909

111 qw the Chopper (level 4, -6/28 HPs)
             Began as a Gargoyle Fighter on June 5, 2023.
             Was an Initiate of Okawaru.
             Mangled by an ogre
             ... wielding a +0 giant spiked club
              (17 damage)
             ... on level 4 of the Dungeon.
             The game lasted 00:01:01 (3857 turns).

qw the Chopper (Gargoyle Fighter)                   Turns: 3857, Time: 00:01:02

Health: -6/28      AC: 10    Str: 21    XL:     4   Next: 92%
Magic:  4/4        EV:  9    Int:  9    God:    Okawaru [......]
Gold:   107        SH:  4    Dex:  9    Spells: 3/3 levels left

rFire   . . .        Y - +0 war axe
rCold   . . .        c - +0 buckler
rNeg    + . .        b - +0 scale mail
rPois   inf          (no helmet)
rElec   +            (no cloak)
rCorr   .            (no gloves)
SInv    .            (no boots)
Will    .....        (no amulet) Stlth
                     (no ring)
HPRegen 0.24/turn    (no ring)
MPRegen 0.09/turn

%: no passive effects
@: no status effects
A: sickness immunity, AC +3, negative energy resistance 1, electricity
resistance, torment resistance 1, petrification resistance
a: Renounce Religion


You were on level 4 of the Dungeon.
You worshipped Okawaru.
Okawaru was noncommittal.
You visited 1 branch of the dungeon, and saw 4 of its levels.

You collected 107 gold pieces.


Innate Abilities, Weirdness & Mutations

You are immune to sickness and miasma.
Your stone body is resilient. (AC +3)
You are immune to poison.
You resist negative energy. (rN+)
You are resistant to electric shocks. (rElec)
You are resistant to unholy torment.
You are immune to petrification.


   Skills:
 - Level 3.2 Fighting
 + Level 4.2 Axes
 - Level 1.2 Throwing
 - Level 3.2 Armour
 - Level 3.2 Shields


You had 3 spell levels left.
You didn't know any spells.
Your spell library was empty.

Inventory:

Hand Weapons
 a - a +0 mace
 Y - a +0 war axe (weapon)
Armour
 b - a +0 scale mail (worn)
 c - a +0 buckler (worn)
Scrolls
 k - a scroll of identify
Potions
 d - a potion of might
 e - a potion of resistance
 f - 2 potions of lignification
 g - a potion of invisibility {unknown}
 h - a potion of mutation {unknown}
 j - 2 potions of curing

Dungeon Overview and Level Annotations

Branches:
Dungeon (4/15)             Temple (0/1) D:4

Altars:
Cheibriados
Dithmenos
Okawaru
Sif Muna

Shops:
D:3 :

Annotations:
D:3 1 runed translucent door, qw's ghost, amateur GrFi


Message History

You open the door.
There is an open door here.
As you open the door, it creaks loudly!
There is an open door here.
You hear the brisk rusting of a very distant drain.
There is an open door here.
You see here 5 large rocks.
As you open the door, it creaks loudly!
There is an open door here.
j - 2 potions of curing (gained 1)
You open the door.
There is an open door here.
You hear the brisk rusting of a very distant drain.
There is an open door here.
You open the door.
An ogre comes into view. It is wielding a +0 giant spiked club.
The ogre shouts!
You hear a shout!
You hear an angry growl.
Enter note:
Enter note:
Enter note:
Enter note:
Enter note: You throw a javelin.
The javelin completely misses the ogre.
You hear the brisk rusting of a very distant drain.
You hear a shout!
An orc comes into view. It is wielding a +0 short sword.
An orc comes into view. It is wielding a +0 club.
You hit the ogre but do no damage. The ogre barely misses you.
You slash the ogre!
The ogre is moderately wounded.
An orc comes into view. It is wielding a +1 mace of protection.
The ogre hits you with a +0 giant spiked club!!
Ouch! That really hurt!
You barely miss the ogre.
The ogre is moderately wounded.
The orc shouts!
The ogre hits you with a +0 giant spiked club!
Ouch! That really hurt!
You die...

##.######.......#######
##.....# ###.#####
.##.##.# #.# ..####.#
#.# ...###.# ##'##
....##.# ##...##
#...#..###.....##
#...#####.......##
#...# #........@# #...#
+.........Oooo... #...#
#.........####..( #...#
##.......## #...#
##.....## #...# ##...##
#...# ##'## #...#
####.## #...#####.....#


You could see an ogre and 3 orcs.

Vanquished Creatures
  Jessica (D:2)
  3 adders
  2 dart slugs
  5 ball pythons
  4 bats
  5 endoplasms
  4 giant cockroaches
  7 goblins
  7 hobgoblins
  5 quokkas
  4 kobolds
  2 rats
49 creatures vanquished.

Notes
Turn   | Place    | Note
-------+----------+-------------------------------------------
     0 | D:1      | qw the Gargoyle Fighter began the quest for the Orb.
     0 | D:1      | Reached XP level 1. HP: 14/14 MP: 1/1
     0 | D:1      | 0 ||| qw: Version: 0.2-a-108-gee2c290
     0 | D:1      | 0 ||| qw: Game counter: 1364
     0 | D:1      | 0 ||| qw: Always use a shield: true
     0 | D:1      | 0 ||| qw: God list: Okawaru
     0 | D:1      | 0 ||| qw: Allow faded altars: false
     0 | D:1      | 0 ||| qw: Do Orc after D:15 true
     0 | D:1      | 0 ||| qw: Do second Lair branch before Depths: true
     0 | D:1      | 0 ||| qw: Lair rune preference: random
     0 | D:1      | 0 ||| qw: Plans: Normal, Zot:1-4, Slime:5, God:TSO, Crypt,
                  | Tomb, Abyss, Pan, Hells, Win
     0 | D:1      | 0 ||| PLANNING D:1-11
    80 | D:1      | 80 ||| Stepping ~*~*~tactically~*~*~ (hiding).
    84 | D:1      | Reached skill level 2 in Axes
   224 | D:1      | Reached XP level 2. HP: 19/19 MP: 2/2
   298 | D:1      | 298 ||| Stepping ~*~*~tactically~*~*~ (stealth).
   326 | D:1      | 326 ||| Stepping ~*~*~tactically~*~*~ (hiding).
   819 | D:1      | 819 ||| READING scroll labelled ZIRGHINEIF.
   820 | D:1      | 820 ||| READING scroll labelled ULIHITTUQIZA.
   821 | D:1      | 821 ||| READING scroll labelled FYADOL TEFA.
   844 | D:2      | Noticed Jessica
   845 | D:2      | 845 ||| Stepping ~*~*~tactically~*~*~ (hiding).
   851 | D:2      | Killed Jessica
   852 | D:2      | Reached skill level 3 in Axes
   852 | D:2      | Reached XP level 3. HP: 23/23 MP: 3/3
   959 | D:2      | 959 ||| DROPPING +0 club.
  1317 | D:2      | Reached XP level 4. HP: 28/28 MP: 4/4
  1791 | D:2      | Reached skill level 1 in Throwing
  1850 | D:2      | 1850 ||| Stepping ~*~*~tactically~*~*~ (hiding).
  2053 | D:2      | 2053 ||| DROPPING amulet of magic regeneration.
  2054 | D:2      | 2054 ||| READING 3 scrolls labelled NUWANAG HEAZ.
  2055 | D:2      | 2055 ||| DRINKING 2 fuming pink potions.
  2056 | D:2      | 2056 ||| DRINKING 2 fuming dark potions.
  2057 | D:2      | 2057 ||| READING 2 scrolls of identify.
  2057 | D:2      | 2057 ||| IDENTIFYING sedimented brown potion
  2170 | D:3      | 2170 ||| Stepping ~*~*~tactically~*~*~ (hiding).
  2171 | D:3      | 2171 ||| Stepping ~*~*~tactically~*~*~ (hiding).
  2173 | D:3      | 2173 ||| Stepping ~*~*~tactically~*~*~ (hiding).
  2174 | D:3      | 2174 ||| Stepping ~*~*~tactically~*~*~ (hiding).
  2229 | D:3      | 2229 ||| Stepping ~*~*~tactically~*~*~ (stealth).
  2231 | D:3      | 2231 ||| Stepping ~*~*~tactically~*~*~ (hiding).
  2234 | D:3      | 2234 ||| Stepping ~*~*~tactically~*~*~ (hiding).
  2363 | D:3      | Found a snail-covered altar of Cheibriados.
  2560 | D:3      | Reached skill level 4 in Axes
  2696 | D:3      | Found a shimmering blue altar of Sif Muna.
  2727 | D:3      | Found Kyul's Vocational Training.
  2739 | D:3      | Found a shadowy altar of Dithmenos.
  2740 | D:3      | Found an iron altar of Okawaru.
  2741 | D:3      | 2741 ||| PLANNING OKAWARU WORSHIP
  2790 | D:3      | 2790 ||| Stepping ~*~*~tactically~*~*~ (hiding).
  2966 | D:3      | Found a runed translucent door.
  2966 | D:3      | Noticed qw's ghost (amateur GrFi)
  3115 | D:3      | 3115 ||| READING scroll labelled DUOMPI RILUADE.
  3116 | D:3      | 3116 ||| READING scroll labelled SOEKHL ISMEECI.
  3117 | D:3      | 3117 ||| READING scroll labelled FUAVEGI ZAACE.
  3118 | D:3      | 3118 ||| READING 2 scrolls of identify.
  3118 | D:3      | 3118 ||| IDENTIFYING clear potion
  3119 | D:3      | 3119 ||| DROPPING potion of brilliance.
  3193 | D:3      | Became a worshipper of Warmaster Okawaru
  3193 | D:3      | 3193 ||| PLANNING D:1-11
  3264 | D:3      | 3264 ||| Stepping ~*~*~tactically~*~*~ (stealth).
  3499 | D:4      | 3499 ||| PLANNING SEWER
  3521 | D:4      | Found a staircase to the Ecumenical Temple.
  3850 | D:4      | Noticed an ogre
  3857 | D:4      | Mangled by an ogre

Levels and vault maps discovered:
D:1:      dpeg_arrival_snail, layout_basic
D:2:      layout_basic, uniq_jessica
D:3:      layout_loops_corners, kennysheep_slug_shrine, tgw_sif,
          mainiacjoe_overflow_catwalk_spiral, gammafunk_ghost_grave,
          nicolae_shop_vocational
D:4:      layout_loops_corners, mainiacjoe_overflow_small_starburst,
          minmay_temple_entry_mini_moons, gammafunk_ghost_necromancy,
          portal_sewer_entry_e, nrook_uturn

Skill      XL: |  1  2  3  4 |
---------------+-------------+-----
Axes           | 2 3 4 |  4.2
Throwing       | 1 |  1.2
Fighting       | |  3.2
Armour         | |  3.2
Shields        | |  3.2

Action                     |  1- 3 |  4- 6 || total
---------------------------+-------+-------++-------
  Melee: War axe           |    58 |    67 ||   125
  Throw: Javelin           |    11 |    17 ||    28
    Use: Scroll            |     3 |     6 ||     9
         Potion            |       |     2 ||     2
 Armour: Scale mail        |    21 |    31 ||    52
  Dodge: Dodged            |    25 |    33 ||    58
  Block: Buckler           |     7 |    10 ||    17

Table legend:
 A = Non-vault XP
 B = Vault XP
 C = Vault XP percentage of total XP
 D = Non-vault monster count
 E = Vault monster count
 F = Vault count percentage of total count
                 A         B        C        D         E       F
            +---------+---------+-------+---------+---------+-------
      Total |     118 |      41 |  25.8 |      47 |       2 |   4.1
            +---------+---------+-------+---------+---------+-------
        D:1 |      29 |       0 |   0.0 |      15 |       0 |   0.0
        D:2 |      42 |      37 |  46.8 |      19 |       1 |   5.0
        D:3 |      41 |       4 |   8.9 |      10 |       1 |   9.1
        D:4 |       6 |       0 |   0.0 |       3 |       0 |   0.0
            +---------+---------+-------+---------+---------+-------
